 Dungeon Crawl Stone Soup version 0.31.0-9-g3a7656b989 (webtiles) character file.

Game seed: 6425308498465737330

231 qw the Skirmisher (level 5, -3/30 HPs)
             Began as a Deep Elf Hunter on Feb 3, 2024.
             Slain by Grinder (6 damage)
             ... while paralysed by Grinder
             ... on level 3 of the Dungeon.
             The game lasted 00:00:06 (1772 turns).

qw the Skirmisher (Deep Elf Hunter)                 Turns: 1772, Time: 00:00:07

Health: -3/30      AC:  7    Str: 10    XL:     5   Next: 72%
Magic:  7/7        EV:  2    Int: 14    God:
Gold:   96         SH:  0    Dex: 18    Spells: 4/4 levels left

rFire   . . .        a - +0 shortbow
rCold   . . .        (shield currently unavailable)
rNeg    . . .        f - +0 ring mail
rPois   +            (no helmet)
rElec   .            (no cloak)
rCorr   .            b - +1 pair of gloves
SInv    .            (no boots)
Will    +....        (no amulet)
Stlth   +            i - ring of willpower
HPRegen 0.25/turn    (no ring)
MPRegen 0.10/turn

%: no passive effects
@: paralysed
A: poison resistance, inability to drink after injury 2
a: no special abilities


You were on level 3 of the Dungeon.
You visited 1 branch of the dungeon, and saw 3 of its levels.

You collected 96 gold pieces.


Innate Abilities, Weirdness & Mutations

Your system is resistant to poisons. (rPois)
You sometimes lose the ability to drink potions when taking damage.


   Skills:
 + Level 1.9 Fighting
 - Level 9.1 Ranged Weapons
 - Level 2.4 Dodging
 - Level 1.2 Stealth


You had 4 spell levels left.
You didn't know any spells.
Your spell library was empty.

Inventory:

Hand Weapons
 a - a +0 shortbow (weapon)
Armour
 b - a +1 pair of gloves (worn)
 f - a +0 ring mail (worn)
Jewellery
 i - a ring of willpower (left hand)
Potions
 e - a potion of attraction {unknown}
 j - a potion of curing {unknown}

Dungeon Overview and Level Annotations

Branches:
Dungeon (3/15)

Altars:
Vehumet

Annotations:
D:3 Grinder


Message History

You shoot an arrow. The arrow barely misses Grinder.
Grinder hits you but does no damage.
You shoot an arrow. The arrow hits Grinder.
Grinder is heavily wounded.
Grinder gestures at you. Pain shoots through your body!
You shoot an arrow. The arrow closely misses Grinder.
Grinder closely misses you.
You shoot an arrow. The arrow hits Grinder.
Grinder is severely wounded.
Grinder hits you but does no damage.
You shoot an arrow. The arrow hits Grinder.
Grinder is severely wounded.
Grinder hits you but does no damage.
You shoot an arrow. The arrow hits Grinder.
Grinder is severely wounded.
Grinder barely misses you.
You shoot an arrow.
The arrow hits Grinder but does no damage.
Grinder is severely wounded.
Grinder blinks!
You shoot an arrow. The arrow barely misses Grinder.
You shoot an arrow.
The arrow hits Grinder but does no damage.
Grinder is severely wounded.
Grinder closely misses you.
You shoot an arrow.
The arrow hits Grinder but does no damage.
Grinder is severely wounded.
Grinder hits you.
You writhe in agony.
You shoot an arrow. The arrow barely misses Grinder.
Grinder hits you.
You writhe in agony.
You shoot an arrow. The arrow barely misses Grinder.
Grinder gestures at you.
You suddenly lose the ability to move!
Grinder says, "I used to sell toenails on the black market."
Grinder completely misses you. Grinder hits you.
You writhe in agony.
You die...
Grinder says, "Hey, I wasn't done torturing you yet!"

.. #.#..#< ....
..###.#....
....#.# ..........
....... ........#
......
#..#..###.##.###
###...)...........
#................
#.#.##..#....###
#<.#.@..#
#..#.5..#
.........#
...##.......
............#.#
..........#.....
...........#.../.
...........####...


You could see Grinder.

Vanquished Creatures
  Sigmund (D:2)
  Terence (D:2)
  3 adders
  5 ball pythons
  2 endoplasms
  3 giant cockroaches (D:2)
  2 goblins
  5 hobgoblins
  A kobold (D:2)
  8 bats
  A frilled lizard (D:2)
32 creatures vanquished.

Notes
Turn   | Place    | Note
-------+----------+-------------------------------------------
     0 | D:1      | qw the Deep Elf Hunter began the quest for the Orb.
     0 | D:1      | Reached XP level 1. HP: 12/12 MP: 3/3
     0 | D:1      | 0 ||| qw: Version: 0.3-a-155-g5e7d8dd
     0 | D:1      | 0 ||| qw: Game counter: 2895
     0 | D:1      | 0 ||| qw: Melee chars always use a shield: true
     0 | D:1      | 0 ||| qw: God list: Okawaru
     0 | D:1      | 0 ||| qw: Allow faded altars: false
     0 | D:1      | 0 ||| qw: Do Orc after clearing Dungeon:15 true
     0 | D:1      | 0 ||| qw: Do second Lair branch before Depths: true
     0 | D:1      | 0 ||| qw: Lair rune preference: random
     0 | D:1      | 0 ||| qw: Goals: Normal
     0 | D:1      | 0 ||| PLANNING D:1-11
   354 | D:1      | Found a faded altar of an unknown god.
   793 | D:1      | Reached XP level 2. HP: 16/16 MP: 4/4
  1036 | D:1      | 1036 ||| UPGRADING to +0 ring mail.
  1046 | D:1      | 1046 ||| DROPPING +0 leather armour.
  1047 | D:1      | 1047 ||| UPGRADING to ring of willpower.
  1048 | D:1      | 1048 ||| READING scroll labelled ROSMOQACEKK.
  1048 | D:1      | 1048 ||| IDENTIFYING sedimented silvery potion
  1049 | D:1      | 1049 ||| READING scroll labelled YXZISETISCH.
  1080 | D:1      | 1080 ||| DRINKING 2 fizzy emerald potions.
  1080 | D:1      | Gained mutation: You occasionally lose the ability to drink
                  | potions when taking damage. [potion of mutation]
  1080 | D:1      | Gained mutation: Your spells are a little harder to cast,
                  | but a little more powerful. [potion of mutation]
  1080 | D:1      | Gained mutation: Your natural rate of healing is unusually
                  | fast. [potion of mutation]
  1081 | D:1      | 1081 ||| DRINKING potion of mutation.
  1081 | D:1      | Lost mutation: Your natural rate of healing is unusually
                  | fast. [potion of mutation]
  1081 | D:1      | Lost mutation: Your spells are a little harder to cast, but
                  | a little more powerful. [potion of mutation]
  1081 | D:1      | Gained mutation: Your system is resistant to poisons.
                  | (rPois) [potion of mutation]
  1081 | D:1      | Gained mutation: You sometimes lose the ability to drink
                  | potions when taking damage. [potion of mutation]
  1082 | D:1      | 1082 ||| DROPPING scroll of butterflies.
  1083 | D:1      | 1083 ||| DROPPING potion of lignification.
  1115 | D:2      | Reached skill level 6 in Ranged Weapons
  1118 | D:2      | 1118 ||| STAIRDANCE
  1140 | D:2      | HP: 4/16 [hobgoblin (2)]
  1144 | D:2      | Reached XP level 3. HP: 5/20 MP: 5/5
  1144 | D:2      | 1144 ||| STAIRDANCE
  1240 | D:2      | Noticed Sigmund
  1242 | D:2      | 1242 ||| FLEEEEING.
  1243 | D:2      | 1243 ||| FLEEEEING.
  1246 | D:2      | 1246 ||| FLEEEEING.
  1247 | D:2      | 1247 ||| FLEEEEING.
  1248 | D:2      | 1248 ||| FLEEEEING.
  1253 | D:2      | Killed Sigmund
  1254 | D:2      | Reached skill level 8 in Ranged Weapons
  1254 | D:2      | Reached XP level 4. HP: 13/25 MP: 6/6
  1254 | D:2      | Reached XP level 5. HP: 15/29 MP: 7/7
  1339 | D:2      | Noticed Terence
  1347 | D:2      | Killed Terence
  1348 | D:2      | Reached skill level 9 in Ranged Weapons
  1403 | D:2      | Found a radiant altar of Vehumet.
  1525 | D:2      | 1525 ||| DROPPING +0 heavy sling.
  1708 | D:2      | 1708 ||| UPGRADING to +1 pair of gloves.
  1713 | D:2      | 1713 ||| READING scroll of identify.
  1713 | D:2      | 1713 ||| IDENTIFYING purple potion
  1714 | D:2      | 1714 ||| READING scroll labelled ONOASH OBRAM.
  1715 | D:2      | 1715 ||| READING scroll labelled YCHIM QAUCAF.
  1716 | D:2      | 1716 ||| READING scroll labelled RAZUMUXOSA.
  1717 | D:2      | 1717 ||| DROPPING potion of degeneration.
  1733 | D:3      | 1733 ||| PLANNING SEWER
  1750 | D:3      | Noticed Grinder
  1769 | D:3      | HP: 7/30 [Grinder (2)]
  1770 | D:3      | Paralysed by Grinder for 5 turns
  1772 | D:3      | HP: 3/30 [Grinder (5)]
  1772 | D:3      | Slain by Grinder

Levels and vault maps discovered:
D:1:      beargit_arrival_greenhouse, layout_basic,
          ebering_ecumenical_altar_sacrificial, hangedman_decor_clover_reticule
D:2:      layout_rooms, basic_altar, uniq_sigmund, uniq_terence
D:3:      layout_basic, hangedman_ru_absence, lemuel_coloured_pillars_altar,
          serial_rivers, chequers_serial_rivers_micro_d,
          chequers_serial_rivers_large_a, chequers_serial_rivers_micro_b,
          chequers_serial_rivers_small_b, chequers_serial_rivers_room_b,
          portal_sewer_entry_a, serial_shops, nicolae_diamond_shop,
          kennysheep_donut, uniq_grinder

Skill      XL: |  1  2  3  4  5 |
---------------+----------------+-----
Ranged Weapons | 6 8 9 |  9.1
Fighting       | |  1.9
Dodging        | |  2.4
Stealth        | |  1.2

Action                     |  1- 3 |  4- 6 || total
---------------------------+-------+-------++-------
   Fire: Shortbow          |    62 |    64 ||   126
    Use: Scroll            |     2 |     4 ||     6
         Potion            |     2 |       ||     2
 Armour: Leather armour    |     2 |       ||     2
         Ring mail         |    38 |    15 ||    53
  Dodge: Dodged            |    28 |    12 ||    40

Table legend:
 A = Non-vault XP
 B = Vault XP
 C = Vault XP percentage of total XP
 D = Non-vault monster count
 E = Vault monster count
 F = Vault count percentage of total count
                 A         B        C        D         E       F
            +---------+---------+-------+---------+---------+-------
      Total |      84 |     246 |  74.5 |      30 |       2 |   6.2
            +---------+---------+-------+---------+---------+-------
        D:1 |      25 |       0 |   0.0 |       8 |       0 |   0.0
        D:2 |      43 |     246 |  85.1 |      19 |       2 |   9.5
        D:3 |      16 |       0 |   0.0 |       3 |       0 |   0.0
            +---------+---------+-------+---------+---------+-------
